 Dungeon Crawl Stone Soup version 0.30-a0-374-g95c0257040 (webtiles) character file.

Game seed: 15918107739730897789

4480 pokeman the Thaumaturge (level 10, -14/56 HPs)
             Began as a Deep Elf Hedge Wizard on Nov 25, 2022.
             Was a Follower of Vehumet.
             Demolished by a two-headed ogre
             ... wielding a +0 giant club
              (18 damage)
             ... on level 8 of the Dungeon.
             The game lasted 00:16:18 (9351 turns).

pokeman the Thaumaturge (Deep Elf Hedge Wizard)     Turns: 9351, Time: 00:16:19

Health: -14/56     AC:  6    Str:  7    XL:     10   Next: 16%
Magic:  8/28       EV: 12    Int: 24    God:    Vehumet [*.....]
Gold:   556        SH:  0    Dex: 14    Spells: 12/34 levels left

rFire   . . .      SeeInvis .    E - +2 dagger (venom)
rCold   . . .      Faith    .    (no shield)
rNeg    + . .      Spirit   .    t - +0 leather armour
rPois   .          Reflect  .    e - +0 helmet
rElec   .          Harm     .    (no cloak)
rCorr   .          Rampage  .    h - +0 pair of gloves
Will    +....                    A - +0 pair of boots
Stlth   ++........               x - amulet of regeneration
HPRegen 1.09/turn                y - ring of positive energy
MPRegen 0.21/turn                H - +4 ring of slaying

@: on blink cooldown, very slightly contaminated
A: no striking features
a: Renounce Religion


You were on level 8 of the Dungeon.
You worshipped Vehumet.
Vehumet was aware of your devotion.
You visited 2 branches of the dungeon, and saw 9 of its levels.

You collected 556 gold pieces.

Inventory:

Hand Weapons
 E - a +2 dagger of venom (weapon)
Missiles
 B - 6 curare-tipped darts
 L - a throwing net
Armour
 e - a +0 helmet (worn)
 h - a +0 pair of gloves (worn)
 t - a +0 leather armour (worn)
 A - a +0 pair of boots (worn)
 I - a +0 buckler
Jewellery
 x - an amulet of regeneration (around neck)
 y - a ring of positive energy (left hand)
 G - a ring of ice
 H - a +4 ring of slaying (right hand)
 J - a +6 ring of dexterity
Wands
 j - a wand of light (15)
 q - a wand of mindburst (15)
 u - a wand of flame (13)
 O - a wand of charming (6)
Scrolls
 b - a scroll of amnesia {unknown}
 c - 6 scrolls of identify {unknown}
 f - 3 scrolls of poison {unknown}
 g - 3 scrolls of enchant armour {unknown}
 i - a scroll of enchant weapon {unknown}
 l - a scroll of summoning {unknown}
 n - 3 scrolls of magic mapping {unknown}
 p - a scroll of butterflies {unknown}
 r - a scroll of fear {unknown}
 v - a scroll of immolation {unknown}
 w - a scroll of vulnerability {unknown}
 z - 3 scrolls of teleportation {unknown}
 M - a scroll of noise {unknown}
 N - a scroll of blinking {unknown}
Potions
 a - 3 potions of resistance {unknown}
 d - 3 potions of magic
 k - a potion of flight {unknown}
 m - 3 potions of curing {unknown}
 o - 3 potions of attraction {unknown}
 s - 2 potions of degeneration {unknown}
 C - 2 potions of heal wounds {unknown}
 D - 4 potions of mutation {unknown}
 F - 2 potions of lignification {unknown}
 K - a potion of haste {unknown}


   Skills:
 - Level 3.0 Fighting
 + Level 3.6 Armour
 - Level 3.0 Dodging
 - Level 4.1 Stealth
 - Level 1.0 Shields
 * Level 12.9 Spellcasting
 + Level 7.3 Conjurations
 - Level 1.1 Summonings
 - Level 1.1 Translocations
 + Level 6.1 Fire Magic
 - Level 1.1 Air Magic
 - Level 1.1 Poison Magic
 - Level 1.3 Evocations


You had 12 spell levels left.
You knew the following spells:

 Your Spells              Type           Power      Damage    Failure   Level
a - Magic Dart            Conj           100%       1d8       1%          1
b - Mephitic Cloud        Conj/Pois/Air  30%        N/A       4%          3
c - Call Imp              Summ           20%        N/A       5%          2
d - Blink                 Tloc           40%        N/A       5%          2
e - Starburst             Conj/Fire      23%        6d8       50%         6
f - Ignition              Fire           22%        3d8       100%        8

Your spell library contained the following spells:

 Spells                   Type           Power      Damage    Failure   Level
 Kiss of Death            Conj/Necr      100%       2d13      1%          1
 Dazzling Flash           Conj/Hex       66%        N/A       3%          3
 Sticky Flame             Conj/Fire      47%        2d6       3%          4
 Slow                     Hex            60%        N/A       6%          1
 Cigotuvi's Dreadful Rot  Necr/Pois/Air  38%        N/A       6%          2
 Ignite Poison            Fire/Tmut/Pois 27%        N/A       6%          3
 Iskenderun's Mystic Bla  Conj/Tloc      35%        2d8       10%         4


Dungeon Overview and Level Annotations

Branches:
Dungeon (8/15)             Temple (1/1) D:4
   Lair: D:8-11

Altars:
Ashenzari
Dithmenos
Elyvilon
Fedhas
Hepliaklqana
Kikubaaqudgha
Makhleb
Nemelex Xobeh
Ru
Sif Muna
Trog
Vehumet
Yredelemnul
Zin

Shops:
D:4 (


Message History

Aim: a two-headed ogre, wielding a +0 giant club and a +0 giant spiked club (moderately wounded, ally target, chance to affect: 53%)
The ball explodes into a vile cloud!
The stinking cloud engulfs the two-headed ogre but does no damage.
The two-headed ogre is moderately wounded.
The stinking cloud engulfs your crimson imp but does no damage.
Your crimson imp hits the two-headed ogre but does no damage.
The two-headed ogre is engulfed in noxious fumes.
Unknown command.
Casting: Mephitic Cloud (dangerous; 4% risk of failure)
Confirm with . or Enter, or press ? or * to list all spells.
You miscast Blink.
You are very lightly contaminated with residual magic.
Nothing appears to happen.
The two-headed ogre hits you with a +0 giant club!!
The two-headed ogre misses you.
Casting: Blink (safe; 5% risk of failure)
Confirm with . or Enter, or press ? or * to list all spells.
You miscast Blink.
Nothing appears to happen.
Your crimson imp hits the two-headed ogre.
Unknown command.
Casting: Blink (safe; 5% risk of failure)
Confirm with . or Enter, or press ? or * to list all spells.
You blink.
Unknown command.
Your crimson imp blinks!
Throw: 7 darts (curare)
Press: ? - help, Shift-Dir - straight line, f/p - two-headed ogre
Aim: a two-headed ogre, wielding a +0 giant club and a +0 giant spiked club (moderately wounded, ally target, 77% to hit)
You throw a curare-tipped dart.
The curare-tipped dart barely misses the two-headed ogre.
Unknown command.
The two-headed ogre attacks as you move away!
The two-headed ogre barely misses you.
The two-headed ogre hits you with a +0 giant spiked club!
Unknown command.
The two-headed ogre attacks as you move away!
The two-headed ogre hits you with a +0 giant club!
* * * LOW HITPOINT WARNING * * *
The two-headed ogre hits you with a +0 giant spiked club!!
You die...

### ###### #### #..# ##....##
####... #...#
###..#...###...... #...#
###........#........ #...##
####.O@........#.......
#...###5..#######.....#......
#....(.### ####...#.....
##..#### ###.).#... ##.##
##)..... ###.## #..###. #
##...# ##..### ..#...## #..#
......# ##########..#


You could see a two-headed ogre (ally target) and a friendly crimson imp
(summoned).

Vanquished Creatures
  Pikel (D:5)
  Sigmund (D:6)
  4 hogs (D:7)
  4 yaks (D:8)
  A human (D:7)
  2 steam dragons (D:7)
  2 water moccasins
  Duvessa (D:5)
  2 black bears (D:4)
  An ogre (D:6)
  A sky beast (D:7)
  2 phantoms (D:4)
  2 lemures (D:5)
  Blork the orc (D:6)
  2 necrophages (D:6)
  A kobold brigand (D:6)
  3 scorpions
  Dowan (D:5)
  4 howler monkeys
  2 jellies (D:6)
  4 orc priests (D:5)
  A gnoll bouda (D:7)
  8 hounds
  3 iguanas
  4 orc wizards
  7 gnolls
  10 adders
  A shadow imp (D:5)
  A white imp (D:7)
  An ufetubus (D:3)
  4 worms
  3 dart slugs
  13 orcs
  3 ball pythons
  6 endoplasms
  7 giant cockroaches
  13 goblins
  7 hobgoblins
  11 kobolds
  8 quokkas
  4 bats
  2 frilled lizards
  12 rats
171 creatures vanquished.

Vanquished Creatures (collateral kills)
  2 orcs (D:3)
2 creatures vanquished.

Vanquished Creatures (others)
  A gnoll (D:5)
1 creature vanquished.

Grand Total: 174 creatures vanquished

Notes
Turn   | Place    | Note
-------+----------+-------------------------------------------
     0 | D:1      | pokeman the Deep Elf Hedge Wizard began the quest for the
                  | Orb.
     0 | D:1      | Reached XP level 1. HP: 10/10 MP: 7/7
   380 | D:1      | Reached XP level 2. HP: 12/16 MP: 2/9
   824 | D:1      | Reached skill level 5 in Spellcasting
   926 | D:1      | Reached XP level 3. HP: 20/20 MP: 1/11
   930 | D:1      | Learned a level 3 spell: Mephitic Cloud
   933 | D:1      | Learned a level 2 spell: Call Imp
   936 | D:1      | Learned a level 2 spell: Blink
  1734 | D:2      | Reached skill level 1 in Fighting
  1830 | D:2      | Reached skill level 1 in Armour
  2443 | D:2      | Reached XP level 4. HP: 25/25 MP: 2/13
  3659 | D:3      | Reached skill level 6 in Spellcasting
  3659 | D:3      | Reached XP level 5. HP: 29/29 MP: 4/15
  4258 | D:3      | Reached skill level 1 in Shields
  4625 | D:4      | Found Caritt's Weapon Shoppe.
  4723 | D:4      | Noticed a black bear
  4754 | D:4      | Noticed a phantom
  4754 | D:4      | Killed a black bear
  4755 | D:4      | Reached skill level 1 in Evocations
  4755 | D:4      | Reached XP level 6. HP: 34/34 MP: 2/17
  4758 | D:4      | Reached skill level 7 in Spellcasting
  5033 | D:4      | Reached skill level 1 in Poison Magic
  5257 | D:4      | Learned a level 6 spell: Starburst
  5310 | D:4      | Noticed a water moccasin
  5321 | D:4      | Killed a water moccasin
  5322 | D:4      | Reached XP level 7. HP: 31/38 MP: 8/20
  5411 | D:4      | Reached skill level 1 in Air Magic
  5505 | D:4      | Reached skill level 8 in Spellcasting
  5505 | D:4      | Reached skill level 1 in Fire Magic
  5687 | D:4      | Found a staircase to the Ecumenical Temple.
  5693 | Temple   | Entered the Ecumenical Temple
  5709 | Temple   | Became a worshipper of Vehumet
  5802 | D:5      | Entered Level 5 of the Dungeon
  6195 | D:5      | Reached XP level 8. HP: 44/44 MP: 19/22
  6288 | D:5      | Noticed Pikel
  6309 | D:5      | Killed Pikel
  6310 | D:5      | Reached skill level 9 in Spellcasting
  6310 | D:5      | Reached skill level 5 in Conjurations
  6403 | D:5      | Noticed Dowan
  6417 | D:5      | Noticed Duvessa
  6432 | D:5      | Killed Duvessa
  6433 | D:5      | Reached skill level 10 in Spellcasting
  6437 | D:5      | Killed Dowan
  6695 | D:5      | Found a burning altar of Makhleb.
  6695 | D:5      | Noticed a cacodemon
  6795 | D:5      | Reached * piety under Vehumet
  6795 | D:5      | Offered knowledge of Kiss of Death by Vehumet.
  6814 | D:5      | Learned a level 8 spell: Ignition
  7256 | D:6      | Found a white marble altar of Elyvilon.
  7259 | D:6      | Noticed Sigmund
  7266 | D:6      | Killed Sigmund
  7267 | D:6      | Reached XP level 9. HP: 50/50 MP: 22/25
  7640 | D:6      | Reached skill level 11 in Spellcasting
  7661 | D:6      | Noticed Blork the orc
  7673 | D:6      | Killed Blork the orc
  8152 | D:6      | Found a shimmering blue altar of Sif Muna.
  8202 | D:7      | Reached skill level 5 in Fire Magic
  8734 | D:7      | Reached skill level 12 in Spellcasting
  9076 | D:7      | Reached XP level 10. HP: 51/56 MP: 23/28
  9323 | D:8      | Noticed a two-headed ogre
  9351 | D:8      | Demolished by a two-headed ogre

Illustrated notes

Levels and vault maps discovered:
D:1:      ncdulo_smallfort, layout_rooms, minmay_worlds_worst_comb
D:2:      minmay_skewed_foursquare, layout_loops_corners
D:3:      layout_loops_corners, hangedman_decor_slide_cut, minmay_vboxes
D:4:      layout_basic, minmay_temple_entry_fiery, serial_shops,
          kennysheep_mini, minmay_between
D:5:      layout_cave_pods, makhleb_altar_promises_db, uniq_duvessa, uniq_pikel
D:6:      layout_loops_ring, amcnicky_altar_gilded, lemuel_blue_sif_altar,
          minmay_ogre_servants, uniq_sigmund, uniq_blork_the_orc
D:7:      layout_loops_corners, grunt_livestock
D:8:      layout_cave_pods, david_lair_shrubbed
Temple:   compressed_dpeg_triangle_lava_temple

Skill      XL: |  1  2  3  4  5  6  7  8  9 10 |
---------------+-------------------------------+-----
Spellcasting   | 5 6 7 8 10 12 | 12.9
Fighting       | 1 3 |  3.0
Armour         | 1 3 |  3.6
Conjurations   | 2 3 4 5 7 |  7.3
Dodging        | 3 |  3.0
Shields        | 1 |  1.0
Stealth        | 3 4 |  4.1
Evocations     | 1 |  1.3
Poison Magic   | 1 |  1.1
Air Magic      | 1 |  1.1
Fire Magic     | 2 4 5 6 |  6.1
Summonings     | |  1.1
Translocations | |  1.1

Action                   |  1- 3 |  4- 6 |  7- 9 | 10-12 || total
-------------------------+-------+-------+-------+-------++-------
Melee: Dagger            |     2 |       |   143 |    13 ||   158
       War axe           |     9 |    23 |     7 |       ||    39
       Punch             |       |       |     2 |       ||     2
Throw: Dart              |       |       |       |     1 ||     1
 Cast: Magic Dart        |   129 |   132 |   153 |     9 ||   423
       Mephitic Cloud    |     1 |     6 |    29 |     5 ||    41
       Call Imp          |       |     4 |     1 |     1 ||     6
       Blink             |       |     2 |       |     1 ||     3
 Stab: Confused          |     1 |       |    16 |     1 ||    18
Armor: Robe              |    10 |       |       |       ||    10
       Leather armour    |       |    26 |    31 |     2 ||    59
Dodge: Dodged            |    23 |    47 |    89 |    11 ||   170

Table legend: (Time is in decaauts)
 A = Elapsed time spent in this place.
 B = Non-inter-level travel time spent in this place.
 C = Inter-level travel time spent in this place.
 D = Time resting spent in this place.
 E = Time spent auto-exploring this place.
 F = Levels seen in this place.
 G = Mean time per level.
                   A        B        C        D        E       F      G
               +--------+--------+--------+--------+--------+-----+--------+
         Total |   9368 |   8994 |    374 |    140 |   7488 |   9 | 1040.9 |
       Dungeon |   9336 |   8977 |    359 |    140 |   7483 |   8 | 1167.0 |
        Temple |     32 |     17 |     15 |      0 |      5 |   1 |   32.0 |
               +--------+--------+--------+--------+--------+-----+--------+

Top non-repeatable levels by time:
     D:3: 1729 daAuts
     D:2: 1654 daAuts
     D:5: 1440 daAuts
     D:1: 1209 daAuts
     D:4: 1195 daAuts
     D:7: 996 daAuts
     D:6: 943 daAuts
     D:8: 166 daAuts
  Temple: 32 daAuts
